 Dungeon Crawl Stone Soup version 0.29-a0-559-g359e09b9d1 (webtiles) character file.

Game seed: 15955208823173632687

17 dolemite99 the Shield-Bearer (level 3, -1/31 HPs)
             Began as a Meteoran Fighter on June 9, 2022.
             Slain by Natasha (2 damage)
             ... on level 2 of the Dungeon.
             The game lasted 00:01:00 (633 turns).

dolemite99 the Shield-Bearer (Meteoran Fighter)      Turns: 633, Time: 00:01:01

Health: -1/31      AC:  8    Str: 20    XL:     3   Next: 2%
Magic:  4/4        EV:  9    Int:  9    God:
Gold:   65         SH:  5    Dex: 13    Spells: 2/2 levels left

rFire   . . .      SeeInvis .   a - +0 flail
rCold   . . .      Faith    .   c - +0 buckler
rNeg    . . .      Spirit   .   b - +0 scale mail
rPois   .          Reflect  .   (no helmet)
rElec   .          Harm     .   (no cloak)
rCorr   .          Rampage  .   f - +0 pair of gloves
Will    .....                   (no boots)
Stlth   ..........              (no amulet)
HPRegen 0.10/turn               (no ring)
MPRegen 0.09/turn               (no ring)

@: mighty, glowing
A: sense surroundings 1, otherworldly, glowing, explore regen
a: no special abilities


You were on level 2 of the Dungeon.
You visited 1 branch of the dungeon, and saw 2 of its levels.

You collected 65 gold pieces.

Inventory:

Hand Weapons
 a - a +0 flail (weapon)
Armour
 b - a +0 scale mail (worn)
 c - a +0 buckler (worn)
 f - a +0 pair of gloves (worn)
Potions
 e - a potion of flight


   Skills:
 + Level 3.5 Fighting
 * Level 3.5 Maces & Flails
 - Level 3.6 Armour
 + Level 3.9 Shields


You had 2 spell levels left.
You didn't know any spells.
Your spell library contained the following spells:

 Spells                   Type           Power      Damage    Failure   Level
 Blink                    Tloc           0%         N/A       92%         2
 Lesser Beckoning         Tloc           0%         N/A       99%         3
 Manifold Assault         Tloc           0%         N/A       100%        5


Dungeon Overview and Level Annotations

Branches:
Dungeon (2/15)

Altars:

Annotations:
D:2 Natasha


Innate Abilities, Weirdness & Mutations

You passively map a small area around you.
You are easily found by Zot.
You glow in the dark.
You regain HP and MP as you explore.


Message History

The rat barely misses you.
It was a potion of curing.
You feel better. Natasha barely misses you.
The white imp hits you but does no damage.
The iron imp hits you but does no damage.
The rat closely misses you. Natasha claws you but does no damage.
The white imp hits you but does no damage.
You feel very mighty all of a sudden. You block the rat's attack.
The iron imp misses you.
Natasha stares at you and mumbles some strange words.
The magic dart hits you.
* * * LOW HITPOINT WARNING * * *
The white imp hits you but does no damage.
The rat bites you but does no damage.
The iron imp laughs crazily.
The iron imp hits you.
* * * LOW HITPOINT WARNING * * *
You closely miss Natasha.
Natasha howls an incantation.
You feel troubled. Natasha claws you but does no damage.
The white imp gestures at you.
The puff of frost hits you but does no damage.
You block the rat's attack. Natasha barely misses you. The iron imp hits you.
* * * LOW HITPOINT WARNING * * *
The white imp barely misses you.
You hit Natasha.
Natasha is moderately wounded.
The rat bites you but does no damage. You block Natasha's attack.
You block the white imp's attack.
The iron imp summons a swarm of flies.
The iron imp hits you but does no damage.
The rat misses you.
Natasha mumbles some strange words.
The white imp closely misses you.
The iron imp hits you but does no damage.
You miss Natasha.
Natasha is moderately wounded.
You feel yourself speed up. The rat bites you but does no damage.
Natasha claws you.
You die...

, , ######### * ,
#.......#### *
#..........# ,, ,
#..........# , ,
##.........#####.. , *
#................
#........@5......
########.......5hr......
,
#...............5.......
##.####..###.###[.......
* #.# #.>......'........
, #.# #.####.###........
#.# #.. ....,.........
#.# #....... .####.... ,
#.# #........,* ,


You could see an iron imp (summoned), Natasha, a white imp (summoned), a shadow
imp (summoned) and a rat.

Vanquished Creatures
  4 ball pythons
  2 endoplasms (D:1)
  A giant cockroach (D:1)
  A goblin (D:1)
  A hobgoblin (D:1)
  A kobold (D:1)
  2 bats (D:1)
  A frilled lizard (D:1)
  3 rats (D:1)
16 creatures vanquished.

Notes
Turn   | Place    | Note
-------+----------+-------------------------------------------
     0 | D:1      | dolemite99 the Meteoran Fighter began the quest for the
                  | Orb.
     0 | D:1      | Reached XP level 1. HP: 19/19 MP: 2/2
    50 | D:1      | Reached XP level 2. HP: 8/26 MP: 3/3
   485 | D:1      | Glimpsed the power of Zot.
   554 | D:2      | Reached XP level 3. HP: 31/31 MP: 4/4
   618 | D:2      | Noticed Natasha
   628 | D:2      | HP: 1/31 [rat (1)]
   633 | D:2      | Slain by Natasha

Illustrated notes

Levels and vault maps discovered:
D:1:      grunt_arrival_lava_bath, layout_basic, basic_ecumenical_altar,
          grunt_decor_cap, minmay_cut_off
D:2:      layout_basic, uniq_natasha

Skill      XL: |  1 |
---------------+----+-----
Maces & Flails | 3 |  3.5
Fighting       | |  3.5
Armour         | |  3.6
Shields        | |  3.9

Action                   || total
-------------------------++-------
Melee: Flail             ||    62
  Use: Scroll            ||     1
       Potion            ||     2
Armor: Scale mail        ||    54
Dodge: Dodged            ||    47
Block: Buckler           ||    31

Table legend: (Time is in decaauts)
 A = Elapsed time spent in this place.
 B = Non-inter-level travel time spent in this place.
 C = Inter-level travel time spent in this place.
 D = Time resting spent in this place.
 E = Time spent auto-exploring this place.
 F = Levels seen in this place.
 G = Mean time per level.
                   A        B        C        D        E       F      G
               +--------+--------+--------+--------+--------+-----+--------+
         Total |    655 |    655 |      0 |    262 |    192 |   2 |  327.5 |
       Dungeon |    655 |    655 |      0 |    262 |    192 |   2 |  327.5 |
               +--------+--------+--------+--------+--------+-----+--------+

Top non-repeatable levels by time:
     D:1: 516 daAuts
     D:2: 139 daAuts
